 Dungeon Crawl Stone Soup version 0.20.1-1-g8b1a95d (webtiles) character file.

11088 Misfit the Grappler (level 11, -1/171 (172) HPs)
             Began as a Troll Berserker on July 4, 2017.
             Was a High Priest of Trog.
             Shot with an arrow by a centaur (15 damage)
             ... on level 12 of the Dungeon.
             The game lasted 00:27:15 (9285 turns).

Misfit the Grappler (Troll Berserker)               Turns: 9285, Time: 00:27:15

HP:   -1/171 (172)  AC:  7    Str: 32    XL:     11   Next: 44%
MP:   10/10         EV: 14    Int:  3    God:    Trog [*****.]
Gold: 566           SH:  0    Dex: 12    Spells: 10/10 levels left

rFire    x . .     SeeInvis .     - Unarmed
rCold    + . .     Gourm    +   (no shield)
rNeg     . . .     Faith    .   O - +0 troll leather armour
rPois    .         Spirit   .   (helmet restricted)
rElec    .         Reflect  .   (no cloak)
rCorr    +         Harm     .   (gloves unavailable)
MR       .....                  (boots unavailable)
Stlth    ..........             D - amulet of regeneration
Regen    1.6/turn               T - ring of resist corrosion
MPRegen  0.2/turn               J - ring of ice

@: berserking, very quick
A: unfitting armour, claws 3, fast metabolism 3, gourmand, regeneration 1,
shaggy fur 1, tough skin 2
a: Berserk, Trog's Hand, Brothers in Arms, Burn Spellbooks, Renounce Religion


You were on level 12 of the Dungeon.
You worshipped Trog.
Trog was extremely pleased with you.
You were full.

You visited 1 branch of the dungeon, and saw 12 of its levels.

You collected 566 gold pieces.

Inventory:

Hand Weapons
 M - a +1 great sword of holy wrath
 W - a +2 antimagic dagger
Armour
 a - a +0 animal skin
 O - a +0 troll leather armour (worn)
Jewellery
 x - an uncursed amulet of rage
 B - an uncursed ring of flight
 D - an amulet of regeneration (around neck)
 G - an uncursed ring of protection from magic
 J - a ring of ice (right claw)
 N - an uncursed ring of poison resistance
 T - a ring of resist corrosion (left claw)
Wands
 r - a wand of lightning (6/15)
 s - a wand of polymorph (9/24)
 y - a wand of acid (11/15)
 C - a wand of enslavement (17/24)
 H - a wand of random effects (18/48)
 P - a wand of polymorph (18/24)
 R - a wand of digging (16/24)
 S - a wand of enslavement (14/24)
Scrolls
 d - 3 scrolls of fog {unknown}
 e - 2 scrolls of recharging {unknown}
 f - a scroll of fear {unknown}
 h - 15 scrolls of identify
 i - 7 scrolls of teleportation
 l - a scroll of magic mapping {unknown}
 o - 3 scrolls of remove curse {unknown}
 u - 5 scrolls of random uselessness {unknown}
 w - 2 scrolls of blinking {unknown}
 F - a scroll of enchant armour {unknown}
 K - a scroll of amnesia {unknown}
Potions
 g - 3 potions of heal wounds {unknown}
 j - a potion of ambrosia {unknown}
 m - 2 potions of lignification {unknown}
 n - 2 potions of flight {unknown}
 p - 2 potions of might {unknown}
 q - 2 potions of degeneration {unknown}
 t - 2 potions of haste {unknown}
 v - 2 potions of berserk rage {unknown}
 z - a potion of cancellation {unknown}
 A - a potion of mutation {unknown}
 E - 4 potions of curing {unknown}
 L - a potion of magic {unknown}
 Q - a potion of invisibility {unknown}
 U - a potion of brilliance {unknown}
Comestibles
 b - 9 bread rations
 c - 4 meat rations
 k - 4 royal jellies
 I - 7 fruits


   Skills:
 + Level 9.2 Fighting
 + Level 9.3 Dodging
 + Level 10.9 Unarmed Combat


You had 10 spell levels left.
You didn't know any spells.

Dungeon Overview and Level Annotations

Branches:
Dungeon (12/15)            Temple (0/1) D:6            Lair (0/6) D:9
    Orc (0/2) D:9

Altars:
Ashenzari
Fedhas
Gozag
Hepliaklqana
Makhleb
Nemelex Xobeh
Okawaru
Vehumet
Xom
Zin
The Shining One


Innate Abilities, Weirdness & Mutations

You are too large for most types of armour.
You have claws for hands.
Your metabolism is lightning-fast.
You like to eat raw meat.
Your natural rate of healing is unusually fast.
You are covered in fur. (AC +1)
You have very tough skin. (AC +2)


Message History

The centaur closely misses you. x2
The vampire is infused with unholy energy.
* * * LOW HITPOINT WARNING * * *
The vampire draws life force from you and is healed!
Something hits you but does no damage.
The centaur shoots an arrow.
The arrow closely misses you.
You mangle the vampire!!
You destroy the vampire!
Trog accepts your kill.
Trog appreciates your killing of a magic user.
Something hits you.
* * * LOW HITPOINT WARNING * * *
The centaur shoots an arrow.
The arrow hits you!
* * * LOW HITPOINT WARNING * * *
The centaur barely misses you. The centaur misses you. Something hits you.
* * * LOW HITPOINT WARNING * * *
The centaur shoots an arrow.
The arrow barely misses you.
The centaur shoots an arrow.
The arrow hits you!
You die...

############
#..<(((.(...
#..@{(......
#..)(.......
#.cc.c......
#...c.......
.............
...............
........#####..
........# ..
........#


You could see 4 centaurs.

Vanquished Creatures
  2 two-headed ogres
  A cyclops (D:11)
  An ugly thing (D:11)
  A centaur zombie (D:11)
  A merfolk (D:11)
  2 hornets
  2 trolls (D:9)
  The ghost of tschems the Chopper, an amateur HuFi (D:4)
  A hippogriff (D:7)
  A wraith (D:10)
  6 yaks
  4 wyverns
  A vampire (D:12)
  A hungry ghost (D:10)
  The ghost of tschems the Skirmisher, an amateur HuFi (D:3)
  A basilisk (D:9)
  A steam dragon (D:10)
  A water moccasin (D:10)
  A black bear (D:6)
  3 orc warriors
  A swamp drake (D:9)
  2 sky beasts (D:8)
  An ice beast (D:9)
  A necrophage (D:8)
  9 phantoms
  7 ogres
  A centaur (D:12)
  A crocodile (D:10)
  2 big kobolds (D:9)
  4 bullfrogs
  2 gnoll sergeants (D:9)
  5 scorpions
  5 killer bees (D:11)
  5 wights (D:8)
  4 crimson imps
  A howler monkey (D:7)
  A quasit (D:8)
  5 hounds
  3 centaur skeletons
  3 bullfrog skeletons
  4 iguanas
  6 orc wizards
  3 worker ants
  2 worker ant zombies
  Robin (D:3)
  13 gnolls
  6 adders
  An adder zombie (D:5)
  3 oozes
  3 adder skeletons
  2 worms (D:2)
  2 dart slugs
  3 leopard geckos
  34 orcs
  4 giant cockroaches
  10 hobgoblins
  2 jackals (D:4)
  11 kobolds
  7 quokkas
  3 ball pythons
  9 bats
  6 frilled lizards
  16 goblins
  A quokka skeleton (D:7)
  5 rats
  A butterfly (D:6)
254 creatures vanquished.

Vanquished Creatures (others)
  A worker ant (D:5)
1 creature vanquished.

Grand Total: 255 creatures vanquished

Notes
Turn   | Place    | Note
-------+----------+-------------------------------------------
     0 | D:1      | Misfit the Troll Berserker began the quest for the Orb.
     0 | D:1      | Reached XP level 1. HP: 22/22 MP: 0/0
   109 | D:1      | Reached XP level 2. HP: 24/29 MP: 1/1
   885 | D:2      | Reached XP level 3. HP: 33/36 MP: 2/2
   979 | D:2      | Found an opulent altar of Gozag.
  1117 | D:2      | Reached ** piety under Trog
  1171 | D:2      | Reached XP level 4. HP: 8/44 MP: 3/3
  1629 | D:2      | Reached skill level 4 in Unarmed Combat
  1870 | D:3      | Reached XP level 5. HP: 35/53 MP: 4/4
  2133 | D:3      | Found a burning altar of Makhleb.
  2205 | D:3      | Noticed tschems's ghost (amateur HuFi)
  2214 | D:3      | Killed tschems's ghost
  2214 | D:3      | Reached XP level 6. HP: 5/62 MP: 5/5
  2287 | D:3      | Noticed Robin
  2321 | D:3      | Killed Robin
  2411 | D:3      | Found a blossoming altar of Fedhas.
  2570 | D:3      | Reached *** piety under Trog
  2749 | D:4      | Noticed tschems's ghost (amateur HuFi)
  2758 | D:4      | Killed tschems's ghost
  2758 | D:4      | Reached skill level 5 in Unarmed Combat
  2758 | D:4      | Reached XP level 7. HP: 70/70 MP: 6/6
  3169 | D:5      | Entered Level 5 of the Dungeon
  3230 | D:5      | Found a radiant altar of Vehumet.
  3247 | D:5      | Found a shattered altar of Ashenzari.
  3361 | D:5      | Reached skill level 5 in Dodging
  3361 | D:5      | Reached skill level 6 in Unarmed Combat
  3407 | D:5      | Reached XP level 8. HP: 77/79 MP: 7/7
  3595 | D:5      | Reached skill level 5 in Fighting
  3648 | D:5      | Found a glowing golden altar of the Shining One.
  4032 | D:6      | Found a staircase to the Ecumenical Temple.
  4768 | D:7      | Reached **** piety under Trog
  4778 | D:7      | Noticed a hornet
  4782 | D:7      | Paralysed by a hornet for 1 turns
  4783 | D:7      | Killed a hornet
  4783 | D:7      | Reached skill level 7 in Unarmed Combat
  4845 | D:7      | Found a glowing silver altar of Zin.
  5185 | D:7      | Reached XP level 9. HP: 89/89 MP: 8/8
  5325 | D:7      | Found a sand-covered staircase.
  5668 | D:8      | Reached skill level 8 in Unarmed Combat
  5670 | D:8      | Found a sparkling altar of Nemelex Xobeh.
  5758 | D:8      | Noticed a two-headed ogre
  5767 | D:8      | Killed a two-headed ogre
  6307 | D:9      | Reached skill level 9 in Unarmed Combat
  6307 | D:9      | Reached XP level 10. HP: 87/101 MP: 9/9
  6432 | D:9      | Reached ***** piety under Trog
  6433 | D:9      | Found a staircase to the Orcish Mines.
  6683 | D:9      | Received a gift from Trog
  6880 | D:9      | Found an iron altar of Okawaru.
  6987 | D:9      | Found a shimmering altar of Xom.
  6988 | D:9      | Found a hazy altar of Hepliaklqana.
  7319 | D:9      | Noticed a two-headed ogre
  7326 | D:9      | Killed a two-headed ogre
  7326 | D:9      | Reached skill level 10 in Unarmed Combat
  7394 | D:9      | Found a staircase to the Lair.
  7605 | D:10     | Entered Level 10 of the Dungeon
  7749 | D:10     | Reached XP level 11. HP: 101/112 MP: 10/10
  7956 | D:10     | Found a hazy altar of Hepliaklqana.
  8799 | D:11     | Received a gift from Trog
  8951 | D:11     | Noticed a brown ugly thing
  8959 | D:11     | Killed a brown ugly thing
  9285 | D:12     | Shot with an arrow by a centaur

Skill      XL: |  1  2  3  4  5  6  7  8  9 10 11 |
---------------+----------------------------------+-----
Dodging        | 3 4 5 6 7 8 9 |  9.3
Fighting       | 3 4 6 7 8 9 |  9.2
Unarmed Combat | 4 5 6 7 9 10 | 10.9

Action                   |  1- 3 |  4- 6 |  7- 9 | 10-12 || total
-------------------------+-------+-------+-------+-------++-------
Melee: Unarmed           |    89 |   139 |   252 |   312 ||   792
       Punch             |       |     2 |     6 |    18 ||    26
Invok: Berserk           |       |     3 |       |     3 ||     6
       Burn Spellbooks   |       |       |     1 |     2 ||     3
 Abil: Stop Flying       |       |       |       |     1 ||     1
       Evoke Flight      |       |       |       |     1 ||     1
  Use: Scroll            |       |       |       |     1 ||     1
 Stab: Sleeping          |     1 |       |       |       ||     1
       Distracted        |       |     1 |       |       ||     1
  Eat: Chunk             |    16 |    17 |    33 |    34 ||   100
Armor: Animal skin       |    37 |    32 |    46 |    13 ||   128
       Troll leather arm |       |       |       |    46 ||    46
Dodge: Dodged            |    29 |    64 |   116 |   219 ||   428
